 Dungeon Crawl Stone Soup version 0.20-a0-151-g755e310 (webtiles) character file.

130 FitzyFitz the Chiller (level 5, -1/38 HPs)
             Began as a Merfolk Ice Elementalist on Nov 23, 2016.
             Slain by an orc wizard
             ... wielding a +0 dagger of electrocution
              (17 damage)
             ... on level 3 of the Dungeon.
             The game lasted 00:09:46 (3991 turns).

FitzyFitz the Chiller (Merfolk Ice Elementalist)    Turns: 3991, Time: 00:09:46

Health: -1/38      AC:  7    Str:  9    XL:     5   Next: 14%
Magic:  3/8        EV: 14    Int: 15    God:
Gold:   112        SH:  0    Dex: 14    Spells: 4/8 levels left

rFire  . . .     SeeInvis .     a - +0 spear
rCold  . . .     Gourm    .     h - +0 robe
rNeg   . . .     Faith    .     (no shield)
rPois  .         Spirit   .     (no helmet)
rElec  .         Reflect  .     (no cloak)
rCorr  .         Harm     .     (no gloves)
MR     .....                    (no boots)
Stlth  ++........               (no amulet)
                                (no ring)
                                (no ring)

@: icy armour, very slightly contaminated, slow
A: change form in water, swift swim, stealthy swim
a: no special abilities


You were on level 3 of the Dungeon.
You were hungry.

You visited 1 branch of the dungeon, and saw 3 of its levels.

You collected 112 gold pieces.

Inventory:

Hand Weapons
 a - a +0 spear (weapon)
 v - a +0 hunting sling of freezing
 w - a +0 blowgun
Missiles
 g - 81 stones (quivered)
 k - 38 sling bullets
 u - a throwing net
 x - 16 poisoned needles
Armour
 h - a +0 robe (worn)
Jewellery
 p - an uncursed amulet of rage
Scrolls
 m - 2 scrolls of teleportation {unknown}
 o - a scroll of remove curse {unknown}
 q - a scroll of enchant armour {unknown}
 s - 2 scrolls of identify {unknown}
 y - a scroll of noise {unknown}
Potions
 d - 2 potions of heal wounds {unknown}
 e - a potion of agility {unknown}
 i - 2 potions of might {unknown}
 j - a potion of invisibility {unknown}
 n - a potion of curing {unknown}
 r - a potion of flight {unknown}
Books
 b - a book of Frost

   Spells                             Type                      Level
   a - Freeze                         Ice                          1
   b - Throw Frost                    Conjuration/Ice              2
   c - Ozocubu's Armour               Charms/Ice                   3
   d - Throw Icicle                   Conjuration/Ice              4
   e - Summon Ice Beast               Ice/Summoning                4
 f - a book of Cantrips

   Spells                             Type                      Level
   a - Confusing Touch                Hexes                        1
   b - Animate Skeleton               Necromancy                   1
   c - Summon Small Mammal            Summoning                    1
   d - Apportation                    Translocation                1
Comestibles
 c - 4 bread rations
 l - a meat ration
 t - 2 fruits
 z - a royal jelly
 A - a beef jerky


   Skills:
 + Level 2.1 Fighting
 + Level 3.1 Polearms
 + Level 3.8 Dodging
 - Level 2.1 Stealth
 - Level 2.0 Spellcasting
   Level 0.7 Conjurations
 + Level 4.4 Ice Magic


You had 4 spell levels left.
You knew the following spells:

 Your Spells              Type           Power        Failure   Level  Hunger
a - Freeze                Ice            ##..         4%          1    #......
b - Ozocubu's Armour      Chrm/Ice       #.......     30%         3    ###....


Dungeon Overview and Level Annotations

Branches:
Dungeon (3/15)

Altars:
Nemelex Xobeh


Message History

You hit the orc.
The orc is lightly wounded.
The orc hits you with a whip.
You barely miss the orc.
The orc is lightly wounded.
The orc barely misses you.
You hit the orc.
The orc is moderately wounded.
The orc hits you but does no damage.
You hit the orc but do no damage.
The orc is moderately wounded.
The orc misses you.
You hit the orc.
The orc is almost dead.
The orc misses you.
You hit the orc.
You kill the orc!
The orc wizard hits you but does no damage.
You are electrocuted!
You die...

.##### #§§§§§.# #.########## .#
#§§§..§#######.......# #. .###
#.....§.....#...####.##..
...######.#...#####.#........#...
.#...##...........#.#...#.##.#...
....>.).............##.##..K.....
.....##..^........#.##.......#...
#...#######...#####.##.......#...
##..# #.....@oo.##.......#
.>..#### #...#####)##....#.##
#......# #...##.....)....#.#
#...##.#####.###.##.#.........
..........##.###.##.#..#.....#
....##........##.##..........#
#.#.##..#.##..##.####..#.....#
#.#.##............###..###.#..
#.......#.#.#.##.............#


You could see an orc wizard and an orc.

Vanquished Creatures
  A hound skeleton (D:3)
  5 adders
  An adder skeleton (D:3)
  2 worms
  4 leopard geckos (D:1)
  3 orcs (D:3)
  2 giant cockroaches
  6 goblins
  5 hobgoblins
  4 jackals (D:1)
  11 kobolds
  2 ball pythons (D:2)
  7 bats
  A jackal skeleton (D:3)
  6 rats
60 creatures vanquished.

Vanquished Creatures (others)
  A goblin (D:1)
  A frilled lizard (D:1)
  A kobold (D:1)
3 creatures vanquished.

Grand Total: 63 creatures vanquished

Notes
Turn   | Place    | Note
-------+----------+-------------------------------------------
     0 | D:1      | FitzyFitz the Merfolk Ice Elementalist began the quest for the Orb.
     0 | D:1      | Reached XP level 1. HP: 13/13 MP: 3/3
   601 | D:1      | Reached XP level 2. HP: 13/19 MP: 5/5
   844 | D:1      | Reached skill level 4 in Ice Magic
  1098 | D:1      | Reached skill level 1 in Polearms
  1314 | D:1      | Reached XP level 3. HP: 25/25 MP: 6/6
  1319 | D:1      | Learned a level 3 spell: Ozocubu's Armour
  1421 | D:1      | Reached skill level 1 in Fighting
  2637 | D:3      | Found a sparkling altar of Nemelex Xobeh.
  2738 | D:3      | Reached XP level 4. HP: 29/32 MP: 3/7
  3661 | D:3      | Reached XP level 5. HP: 23/38 MP: 5/8
  3991 | D:3      | Slain by an orc wizard

Vault maps used:
D:1:      dpeg_arrival_shrine, lemuel_flame_loot_1
D:3:      serial_undead, serial_undead_a, serial_undead_b, serial_undead_c,
          serial_undead_a, first_bread, nemelex_lonely_heart_becter

Skill      XL: |  1  2  3  4  5 |
---------------+----------------+-----
Ice Magic      | 4 |  4.4
Polearms       | 1 2 3 |  3.1
Fighting       | 1 2 |  2.1
Dodging        | 3 |  3.8
Stealth        | |  2.1
Spellcasting   | |  2.0
Conjurations   | |  0.7

Action                   |  1- 3 |  4- 6 || total
-------------------------+-------+-------++-------
Melee: Unarmed           |     8 |       ||     8
       Whip              |     5 |       ||     5
       Spear             |   124 |   110 ||   234
Throw: Stone             |     3 |     1 ||     4
 Cast: Freeze            |    24 |    11 ||    35
       Ozocubu's Armour  |       |     2 ||     2
 Stab: Sleeping          |     5 |     2 ||     7
       Distracted        |     1 |       ||     1
  Eat: Chunk             |     5 |     5 ||    10
Armor: Robe              |    12 |    15 ||    27
Dodge: Dodged            |    84 |    70 ||   154
